 Dungeon Crawl Stone Soup version 0.31-a0-237-g2d982f9f85 (webtiles) character file.

Game seed: 7392068480592969414

128 qw the Shooter (level 5, -1/30 HPs)
             Began as a Gargoyle Hexslinger on July 10, 2023.
             Slain by an orc
             ... wielding a +1 dagger of venom
              (3 damage)
             ... on level 4 of the Dungeon.
             The game lasted 00:00:48 (2193 turns).

qw the Shooter (Gargoyle Hexslinger)                Turns: 2193, Time: 00:00:48

Health: -1/30      AC: 10    Str: 12    XL:     5   Next: 11%
Magic:  6/6        EV: 10    Int: 13    God:
Gold:   148        SH:  0    Dex: 14    Spells: 5/6 levels left

rFire   . . .        Y - +1 sling
rCold   . . .        (no shield)
rNeg    + . .        l - +0 ring mail
rPois   inf          e - +0 helmet
rElec   +            (no cloak)
rCorr   .            (no gloves)
SInv    .            (no boots)
Will    .....        (no amulet)
Stlth   +            (no ring)
HPRegen 0.25/turn    (no ring)
MPRegen 0.10/turn

%: no passive effects
@: no status effects
A: sickness immunity, AC +4, negative energy resistance 1, electricity
resistance, torment resistance 1, petrification resistance
a: no special abilities


You were on level 4 of the Dungeon.
You visited 1 branch of the dungeon, and saw 4 of its levels.

You collected 148 gold pieces.


Innate Abilities, Weirdness & Mutations

You are immune to sickness and miasma.
Your stone body is resilient. (AC +4)
You are immune to poison.
You resist negative energy. (rN+)
You are resistant to electric shocks. (rElec)
You are resistant to unholy torment.
You are immune to petrification.


   Skills:
 - Level 2.0 Fighting
 + Level 4.3 Ranged Weapons
 - Level 2.0 Armour
 - Level 1.5 Dodging
 - Level 1.0 Spellcasting
 - Level 2.6 Hexes


You had 5 spell levels left.
You knew the following spells:

 Your Spells              Type           Power      Damage    Failure   Level
a - Slow                  Hex            28%        N/A       21%         1

Your spell library contained the following spells:

 Spells                   Type           Power      Damage    Failure   Level
 Inner Flame              Hex/Fire       4%         N/A       71%         3
 Portal Projectile        Hex/Tloc       8%         N/A       71%         3
 Cause Fear               Hex            3%         N/A       90%         4

Inventory:

Hand Weapons
 Y - a +1 sling (weapon)
Armour
 e - a +0 helmet (worn)
 l - a +0 ring mail (worn)
Scrolls
 a - a scroll of teleportation
Potions
 d - 4 potions of curing
 f - a potion of mutation {unknown}
 g - a potion of enlightenment {unknown}
 h - a potion of cancellation {unknown}
 j - a potion of heal wounds {unknown}
 k - a potion of invisibility {unknown}

Dungeon Overview and Level Annotations

Branches:
Dungeon (4/15)
 Temple: D:4-7

Altars:
The Shining One

Annotations:
D:4 Natasha


Message History

The howler monkey hits you.
You shoot a sling bullet.
The sling bullet hits the howler monkey!
The howler monkey is heavily wounded.
The howler monkey hits you but does no damage.
The orc barely misses you.
You shoot a sling bullet.
The sling bullet hits the howler monkey.
The howler monkey is almost dead.
The howler monkey hits you. The orc closely misses you.
The orc hits you with a +1 hand axe of venom.
The howler monkey hoots and howls with incredible vigour!
You hear an angry hiss.
You shoot a sling bullet.
The sling bullet hits the howler monkey.
You kill the howler monkey!
Something hits you but does no damage. The orc hits you but does no damage.
The orc closely misses you.
Natasha, Servant of Life and Death comes into view.
The orc hits you with a +1 hand axe of venom.
The orc hits you but does no damage. Something completely misses you.
Your Armour skill gained 2 levels and is now at level 2!
You have reached level 5!
You shoot a sling bullet.
The sling bullet hits the iguana but does no damage.
The orc hits you but does no damage. The orc hits you with a +0 club.
The iguana bites you but does no damage.
The orc closely misses you.
You hear some strange, mumbled words.
A magic dart appears from out of thin air!
The magic dart hits you.
Natasha casts a spell.
You shoot a sling bullet.
The sling bullet barely misses the iguana.
The iguana bites you.
You hear some strange, mumbled words.
A puff of flame appears from out of thin air!
The puff of flame hits you but does no damage.
The orc hits you with a +1 dagger of venom.
You die...

.. #... #....
####### #.....
#.....# #......
###.##....^..
#<..#........
####.l.....#.
#.)..@{.....#
#...ooo....[.
.......)......#
#............#.
###............
##...........
##........h.
##.........


You could see an iguana, Natasha and 3 orcs.

Vanquished Creatures
  A howler monkey (D:4)
  4 adders (D:3)
  A worm (D:3)
  An orc (D:4)
  5 endoplasms
  2 giant cockroaches (D:1)
  2 goblins
  5 hobgoblins
  3 jackals (D:2)
  3 quokkas (D:2)
  9 ball pythons
  3 bats
  A frilled lizard (D:3)
  5 kobolds
  6 rats
51 creatures vanquished.

Notes
Turn   | Place    | Note
-------+----------+-------------------------------------------
     0 | D:1      | qw the Gargoyle Hexslinger began the quest for the Orb.
     0 | D:1      | Reached XP level 1. HP: 12/12 MP: 2/2
     0 | D:1      | 0 ||| qw: Version: 0.3-a-52-g30416fa
     0 | D:1      | 0 ||| qw: Game counter: 5144
     0 | D:1      | 0 ||| qw: Melee chars always use a shield: true
     0 | D:1      | 0 ||| qw: God list: Okawaru
     0 | D:1      | 0 ||| qw: Allow faded altars: false
     0 | D:1      | 0 ||| qw: Do Orc after clearing Dungeon:15 true
     0 | D:1      | 0 ||| qw: Do second Lair branch before Depths: true
     0 | D:1      | 0 ||| qw: Lair rune preference: random
     0 | D:1      | 0 ||| qw: Goals: Normal
     0 | D:1      | 0 ||| PLANNING D:1-11
   168 | D:1      | Found a faded altar of an unknown god.
   273 | D:1      | Reached XP level 2. HP: 16/16 MP: 3/3
   442 | D:1      | 442 ||| UPGRADING to +0 helmet.
   447 | D:1      | 447 ||| UPGRADING to +0 leather armour.
   457 | D:1      | 457 ||| DROPPING +0 robe.
   458 | D:1      | 458 ||| READING scroll labelled PUDUSAVEMO.
   459 | D:1      | 459 ||| DRINKING 2 bubbling purple potions.
   460 | D:1      | 460 ||| DROPPING scroll of poison.
   461 | D:1      | 461 ||| DROPPING potion of magic.
   621 | D:2      | Reached skill level 3 in Ranged Weapons
   800 | D:2      | Reached XP level 3. HP: 19/21 MP: 4/4
  1440 | D:2      | 1440 ||| READING scroll labelled YMIVEO AVUTSE.
  1443 | D:2      | 1443 ||| READING scroll labelled JANNOPRIMYI.
  1444 | D:2      | 1444 ||| READING 3 scrolls labelled EVAYMMASIT.
  1445 | D:2      | 1445 ||| READING scroll labelled KOAFUV VUKUAPH.
  1446 | D:2      | 1446 ||| DRINKING 3 murky black potions.
  1447 | D:2      | 1447 ||| DROPPING 2 scrolls of immolation.
  1666 | D:3      | Reached skill level 4 in Ranged Weapons
  1666 | D:3      | Reached XP level 4. HP: 24/26 MP: 5/5
  2154 | D:3      | Found a glowing golden altar of the Shining One.
  2155 | D:3      | 2155 ||| UPGRADING to +0 ring mail.
  2165 | D:3      | 2165 ||| DROPPING +0 leather armour.
  2166 | D:3      | 2166 ||| READING scroll labelled CIONKOVUUSCH.
  2167 | D:3      | 2167 ||| READING scroll labelled CIENLI GUYRITH.
  2191 | D:4      | Noticed Natasha
  2192 | D:4      | Reached XP level 5. HP: 12/30 MP: 6/6
  2193 | D:4      | HP: 2/30 [iguana (6)]
  2193 | D:4      | Slain by an orc

Levels and vault maps discovered:
D:1:      eino_arrival_druids_welcome, layout_rooms,
          chequers_ecumenical_altar_twisty
D:2:      layout_basic
D:3:      layout_basic, tso_oasis_becter, minmay_snake_closets
D:4:      layout_basic, nicolae_titane, uniq_natasha

Skill      XL: |  1  2  3  4 |
---------------+-------------+-----
Ranged Weapons | 3 4 |  4.3
Fighting       | 2 |  2.0
Armour         | 2 |  2.0
Dodging        | |  1.5
Spellcasting   | |  1.0
Hexes          | |  2.6

Action                     |  1- 3 |  4- 6 || total
---------------------------+-------+-------++-------
   Fire: Sling             |   132 |    35 ||   167
    Use: Scroll            |     5 |     2 ||     7
         Potion            |     2 |       ||     2
 Armour: Leather armour    |    31 |     6 ||    37
         Robe              |     1 |       ||     1
         Ring mail         |       |    10 ||    10
  Dodge: Dodged            |    42 |    12 ||    54

Table legend:
 A = Non-vault XP
 B = Vault XP
 C = Vault XP percentage of total XP
 D = Non-vault monster count
 E = Vault monster count
 F = Vault count percentage of total count
                 A         B        C        D         E       F
            +---------+---------+-------+---------+---------+-------
      Total |     119 |      64 |  35.0 |      40 |      11 |  21.6
            +---------+---------+-------+---------+---------+-------
        D:1 |      15 |       0 |   0.0 |       9 |       0 |   0.0
        D:2 |      29 |       0 |   0.0 |      18 |       0 |   0.0
        D:3 |      20 |      64 |  76.2 |      10 |      11 |  52.4
        D:4 |      55 |       0 |   0.0 |       3 |       0 |   0.0
            +---------+---------+-------+---------+---------+-------
